 Dungeon Crawl Stone Soup version 0.24.0-123-gd5b16e6ec5 (webtiles) character file.

Game seed: 14125251771680079749, levelgen mode: deterministic

41 vurker the Gusty (level 3, -6/20 HPs)
             Began as a Tengu Air Elementalist on Dec 19, 2019.
             Mangled by a centaur (8 damage)
             ... on level 2 of the Dungeon.
             The game lasted 00:02:11 (1531 turns).

vurker the Gusty (Tengu Air Elementalist)           Turns: 1531, Time: 00:02:11

Health: -6/20      AC:  2    Str:  8    XL:     3   Next: 52%
Magic:  1/7        EV: 12    Int: 16    God:
Gold:   67         SH:  0    Dex: 14    Spells: 6/7 levels left

rFire    . . .     SeeInvis .   (no weapon)
rCold    . . .     Gourm    .   (no shield)
rNeg     . . .     Faith    .   a - +0 robe
rPois    .         Spirit   .   (helmet restricted)
rElec    .         Reflect  .   (no cloak)
rCorr    .         Harm     .   (no gloves)
MR       .....                  (boots unavailable)
Stlth    ++........             (no amulet)
HPRegen  0.06/turn              (no ring)
MPRegen  0.10/turn              (no ring)

@: no status effects
A: beak, talons 3
a: no special abilities


You were on level 2 of the Dungeon.
You were not hungry.

You visited 1 branch of the dungeon, and saw 2 of its levels.

You collected 67 gold pieces.

Inventory:

Armour
 a - a +0 robe (worn)
Scrolls
 g - a scroll of amnesia {unknown}
 i - 2 scrolls of identify {unknown}
Potions
 c - a potion of agility {unknown}
 d - a potion of magic {unknown}
 f - a potion of cancellation {unknown}
 h - a potion of mutation {unknown}
 j - a potion of resistance {unknown}
 k - a potion of heal wounds {unknown}
Comestibles
 b - 2 chunks of flesh
 e - 2 rations


   Skills:
 + Level 0.8 Fighting
 - Level 2.1 Dodging
 - Level 2.0 Stealth
 * Level 2.5 Spellcasting
 * Level 2.5 Conjurations
 * Level 4.6 Air Magic


You had 6 spell levels left.
You knew the following spells:

 Your Spells              Type           Power        Failure   Level  Hunger
a - Shock                 Conj/Air       ##..         4%          1    #......

Your spell library contained the following spells:

 Spells                   Type           Power        Failure   Level  Hunger
 Swiftness                Chrm/Air       #.......     12%         2    ##.....
 Static Discharge         Conj/Air       ##......     14%         3    ###....
 Airstrike                Air            ###.......   28%         4    #####..
 Lightning Bolt           Conj/Air       ##........   77%         5    ######.


Dungeon Overview and Level Annotations

Branches:
Dungeon (2/15)

Altars:


Innate Abilities, Weirdness & Mutations

You have a beak for a mouth.
You have claws for feet.


Message History

A kobold is nearby!
A kobold is nearby!
Aim: a kobold The zap hits the kobold.
The kobold throws a stone.
The stone hits you.
Aim: a kobold (severely wounded)
The zap hits the kobold.
You kill the kobold!
You can't see any susceptible monsters within range! (Use Z to cast anyway.)
You can't see any susceptible monsters within range! (Use Z to cast anyway.)
Things that are here:
2 stones; a kobold corpse
Found a whip.
Found a scroll labeled TONENI MIESKIE.
i - 2 scrolls labeled TONENI MIESKIE (gained 1)
You open the door.
There is an open door here.
You see here a whip.
Eating one of 3 chunks of flesh.
You eat one of the 3 chunks of flesh.
You open the door.
Found a dagger.
There is an open door here.
A centaur comes into view.
A centaur is nearby!
Aim: a centaur (resting)
The zap hits the centaur.
The centaur shouts!
You hear a shout!
The centaur wields a +0 shortbow.
The centaur shoots an arrow.
The arrow closely misses you.
Aim: a centaur, wielding a +0 shortbow (lightly wounded)
The zap hits the centaur.
The centaur shoots an arrow.
The arrow hits you!
Ouch! That really hurt!
* * * LOW HITPOINT WARNING * * *
The centaur shoots an arrow.
The arrow closely misses you.
The centaur unwields a +0 shortbow.
The centaur barely misses you. The centaur closely misses you.
You see here a dagger.
Aim: a centaur (moderately wounded)
The zap hits the centaur.
The centaur barely misses you.
A hobgoblin comes into view.
Aim: a centaur (heavily wounded)
The zap hits the centaur.
The centaur hits you.
* * * LOW HITPOINT WARNING * * *
The centaur hits you.
* * * LOW HITPOINT WARNING * * *
Aim: a centaur (heavily wounded)
The zap hits the centaur.
The zap hits the hobgoblin.
The centaur barely misses you.
Aim: a centaur (severely wounded)
The zap hits the centaur.
The zap hits the hobgoblin.
The centaur hits you!
You die...

#...# #..#.# #..
##...## #..#.# #..
#.....# #..#.# #...
######.....# #..#..
... #### #..........#
#..... #..#
+..........# #.# #..#
#..........# #g# #..#
######.....# #c# #..#
#########(## #@####...
#..# #....(....#
##........ #..#
#.###########(...#####
#.รท#
#.#.....#...'.....#
#..##
#.#.###.#.###((......
#.... #.#.###.#.#
#####..... #.<..
###.......#.# .####
#.##... ..)##.#####.#
.# #.....#
##.##.#####.#
########.#


You could see a centaur and a hobgoblin.

Vanquished Creatures
  A worm (D:2)
  3 dart slugs
  2 leopard geckos (D:2)
  A giant cockroach (D:2)
  A goblin (D:1)
  5 hobgoblins
  A quokka (D:2)
  7 bats
  A frilled lizard (D:2)
  3 kobolds
  6 rats
31 creatures vanquished.

Notes
Turn   | Place    | Note
-------+----------+-------------------------------------------
     0 | D:1      | vurker the Tengu Air Elementalist began the quest for the
                  | Orb.
     0 | D:1      | Reached XP level 1. HP: 10/10 MP: 4/4
   240 | D:1      | Reached XP level 2. HP: 15/15 MP: 1/6
   930 | D:2      | Reached XP level 3. HP: 20/20 MP: 0/7
  1523 | D:2      | Noticed a centaur
  1531 | D:2      | Mangled by a centaur

Levels and vault maps discovered:
D:1:      minmay_arrival_widening_spiral_wide, layout_loops_ring
D:2:      layout_basic, uniq_natasha, uniq_robin

Skill      XL: |  1  2 |
---------------+-------+-----
Conjurations   | 2 |  2.5
Fighting       | |  0.8
Dodging        | |  2.1
Stealth        | |  2.0
Spellcasting   | |  2.5
Air Magic      | |  4.6

Action                   || total
-------------------------++-------
Melee: Unarmed           ||     7
       Kick              ||     2
 Cast: Shock             ||    65
  Eat: Chunk             ||     3
Armor: Robe              ||     5
Dodge: Dodged            ||    27
